 Dungeon Crawl Stone Soup version 0.25.0-26-g0c896c7088 (webtiles) character file.

Game seed: 16765217911675465278

1689 mortelune the Chopper (level 8, -4/64 HPs)
             Began as a Demonspawn Chaos Knight on July 3, 2020.
             Was an Initiate of Makhleb.
             Slain by a wight
             ... wielding a +0 battleaxe
              (17 damage)
             ... on level 6 of the Dungeon.
             The game lasted 00:10:35 (7190 turns).

mortelune the Chopper (Demonspawn Chaos Knight)     Turns: 7190, Time: 00:10:36

Health: -4/64      AC: 22    Str: 15    XL:     8   Next: 71%
Magic:  8/8        EV: 16    Int: 15    God:    Makhleb [......]
Gold:   41         SH:  0    Dex:  9    Spells: 7/7 levels left

rFire    . . .     SeeInvis .   a - +1 hand axe (chaos)
rCold    . . .     Gourm    .   (no shield)
rNeg     . . .     Faith    .   b - +2 leather armour
rPois    .         Spirit   .   g - +0 helmet
rElec    .         Reflect  .   (no cloak)
rCorr    .         Harm     .   (no gloves)
MR       .....     Rnd*Rage +   (no boots)
Stlth    +.........             y - amulet of the acrobat
HPRegen  0.20/turn              o - +4 ring of protection
MPRegen  0.11/turn              z - +4 ring of protection

@: agile, sanguine armour, drained
A: talons 1, berserk 1, clever 1, clumsy 2, deformed body, powered by pain 3,
sanguine armour 2
a: Renounce Religion


You were on level 6 of the Dungeon.
You worshipped Makhleb.
Makhleb was noncommittal.
You were not hungry.

You visited 2 branches of the dungeon, and saw 7 of its levels.

You collected 349 gold pieces.
You spent 308 gold pieces at shops.

Inventory:

Hand Weapons
 a - a +1 hand axe of chaos (weapon)
Armour
 b - a +2 leather armour (worn)
 g - a +0 helmet (worn)
 m - a +0 robe
Jewellery
 n - an uncursed ring of magical power
 o - a +4 ring of protection (left hand)
 y - an amulet of the acrobat (around neck)
 z - a +4 ring of protection (right hand)
Wands
 u - a wand of acid (9)
Scrolls
 d - 3 scrolls of enchant armour
 i - a scroll of identify
 r - 2 scrolls of remove curse
 x - a scroll of magic mapping {unknown}
Potions
 e - 2 potions of mutation {unknown}
 h - a potion of degeneration {unknown}
 j - a potion of berserk rage {unknown}
 k - 3 potions of haste {unknown}
 l - 4 potions of curing
 p - a potion of heal wounds {unknown}
 q - a potion of stabbing
 t - a potion of invisibility {unknown}
 v - a potion of brilliance
 w - a potion of lignification {unknown}
Comestibles
 c - 11 rations
 f - 10 chunks of flesh


   Skills:
 + Level 6.3(5.1) Fighting
 * Level 7.8(6.6) Axes
 + Level 5.2(4.1) Armour
 - Level 0.8(0.0) Dodging


You had 7 spell levels left.
You didn't know any spells.
Your spell library was empty.

Dungeon Overview and Level Annotations

Branches:
Dungeon (6/15)             Temple (1/1) D:4

Altars:
Dithmenos
Elyvilon
Fedhas
Gozag
Hepliaklqana
Kikubaaqudgha
Makhleb
Okawaru
Qazlal
Ru
Trog
Uskayaw
Wu Jian
Xom
Yredelemnul
The Shining One

Shops:
D:5 [?[}*


Innate Abilities, Weirdness & Mutations

You have sharp toenails.
You are powered by pain.
When seriously injured, your bleeding wounds create thick armour. (AC +9)
You tend to lose your temper in combat.
Your mind is acute. (Int +2)
You are very clumsy. (Dex -4)
Armour fits poorly on your strangely shaped body.


Message History

You focus on the pain.
You feel agile all of a sudden.
You are too injured to fight recklessly!
You are too injured to fight recklessly!
You are too injured to fight recklessly!
You are too injured to fight recklessly!
You barely miss the wight.
The wight is moderately damaged.
The wight closely misses you.
You hit the wight.
The wight flickers and vanishes!
Deactivating autopickup; reactivate with Ctrl-A.
You hit something but do no damage. Something hits you!
You focus on the pain.
You feel more agile all of a sudden.
Your blood congeals into armour.
You miss something. Something hits you!
* * * LOW HITPOINT WARNING * * *
You feel drained.
* * * LOW HITPOINT WARNING * * *
You hit something. You burn something. Something hits you!
You die...

#..........).#
#.......#
+............#
#.......###
#.!..........#
#..........
.......##+#.#
#.)........
+#####.# #..
#.......... ..# ..
#.# ##'##......
..# ... .Y#
#)##...... ..# ...
#{## #.##......
..# .... #@##
#.##...... <.+
##.######'##......
..#
##...(<).........
..#
#.....รท.........
..#
#.......(.......
..#
#.........######
### #.........#
#.........#
#.........#


You could see an ice beast.

Vanquished Creatures
  Grinder (D:5)
  2 phantoms (D:5)
  A tengu (D:5)
  An ogre (D:5)
  2 centaurs
  2 bullfrogs
  2 wights (D:6)
  2 crimson imps (D:5)
  A howler monkey (D:4)
  2 orc priests
  3 hounds
  A bullfrog skeleton (D:5)
  3 orc wizards
  2 iguanas (D:5)
  5 worker ants
  A worker ant zombie (D:6)
  5 adders
  2 adder skeletons (D:4)
  A worm (D:3)
  A dart slug (D:2)
  5 leopard geckos
  20 orcs
  4 ball pythons
  7 bats
  3 giant cockroaches
  4 goblins
  10 hobgoblins
  10 jackals
  6 kobolds
  3 quokkas
  6 frilled lizards
  A quokka zombie (D:5)
  7 rats
126 creatures vanquished.

Vanquished Creatures (collateral kills)
  An ogre (D:5)
  A quasit (D:5)
2 creatures vanquished.

Vanquished Creatures (others)
  An orc wizard (D:3)
  An orc (D:3)
  A hobgoblin (D:3)
  2 kobolds (D:3)
  A frilled lizard (D:3)
6 creatures vanquished.

Grand Total: 134 creatures vanquished

Notes
Turn   | Place    | Note
-------+----------+-------------------------------------------
     0 | D:1      | mortelune the Demonspawn Chaos Knight began the quest for
                  | the Orb.
     0 | D:1      | Reached XP level 1. HP: 18/18 MP: 1/1
   117 | D:1      | XOM: divination: detect creatures
   354 | D:1      | Reached skill level 3 in Axes
   362 | D:1      | Gained mutation: When seriously injured, your bleeding
                  | wounds create armour. (AC +9) [demonic ancestry]
   362 | D:1      | Reached XP level 2. HP: 24/24 MP: 2/2
   854 | D:1      | XOM: divination: detect items
   989 | D:2      | Reached XP level 3. HP: 26/29 MP: 3/3
  1438 | D:2      | XOM: polymorph bat -> leopard gecko
  1587 | D:2      | XOM: stat loss: -1 Str (12/13)
  1803 | D:3      | Gained mutation: You have sharp toenails. [demonic
                  | ancestry]
  1803 | D:3      | Reached XP level 4. HP: 31/35 MP: 4/4
  1884 | D:3      | XOM: cloud trail
  1938 | D:3      | XOM: destruction
  1956 | D:3      | XOM: chaos upgrade
  1961 | D:3      | Reached skill level 4 in Axes
  2093 | D:3      | Gained mutation: You sometimes gain a little power by
                  | taking damage. [demonic ancestry]
  2093 | D:3      | Reached XP level 5. HP: 36/42 MP: 5/5
  2727 | D:3      | XOM: silly message
  3272 | D:4      | XOM: scenery: 1 doors open
  3272 | D:4      | Found an ornate altar of the Wu Jian Council.
  3514 | D:4      | Gained mutation: When seriously injured, your bleeding
                  | wounds create thick armour. (AC +9) [demonic ancestry]
  3514 | D:4      | Reached XP level 6. HP: 45/48 MP: 6/6
  3935 | D:4      | Found a staircase to the Ecumenical Temple.
  3942 | Temple   | Entered the Ecumenical Temple
  4157 | Temple   | Fell from the grace of Xom
  4157 | Temple   | Became a worshipper of Makhleb the Destroyer
  4255 | D:4      | Reached skill level 5 in Axes
  4260 | D:4      | XOM: enchant monster (bad)
  4629 | D:5      | Entered Level 5 of the Dungeon
  4629 | D:5      | Noticed Grinder
  4640 | D:5      | Killed Grinder
  4640 | D:5      | Gained mutation: You sometimes gain power by taking damage.
                  | [demonic ancestry]
  4640 | D:5      | Reached XP level 7. HP: 55/55 MP: 7/7
  4819 | D:5      | XOM: give mutations
  4819 | D:5      | Gained mutation: You are clumsy. (Dex -2) [Xom's mischief]
  4819 | D:5      | Gained mutation: You tend to lose your temper in combat.
                  | [Xom's mischief]
  4819 | D:5      | Gained mutation: Your mind is acute. (Int +2) [Xom's
                  | mischief]
  4819 | D:5      | Gained mutation: Your magical capacity is low. (-10% MP)
                  | [Xom's mischief]
  4893 | D:5      | Reached skill level 5 in Fighting
  4893 | D:5      | Reached skill level 6 in Axes
  5111 | D:5      | Found Rugyachas's Gadget Shoppe.
  5119 | D:5      | Bought a wand of acid (9) for 260 gold pieces
  5146 | D:5      | Found Qiv Uchu's Armour Shoppe.
  5180 | D:5      | XOM: blink monster(s)
  5481 | D:5      | Found Gelahootz's Magic Scroll Boutique.
  5520 | D:5      | Found Zoff's Armour Boutique.
  5575 | D:5      | XOM: divination: detect creatures
  5587 | D:5      | XOM: summons 7 friendly demons
  5634 | D:5      | Reached * piety under Makhleb
  5634 | D:5      | Gained mutation: You are powered by pain. [demonic
                  | ancestry]
  5634 | D:5      | Reached XP level 8. HP: 40/63 MP: 7/7
  5876 | D:5      | Found Sirph's Assorted Antiques.
  5884 | D:5      | Bought a scroll labeled OWEGAM PESED for 24 gold pieces
  5884 | D:5      | Bought a scroll labeled TAWKOX SIBO for 24 gold pieces
  6037 | D:5      | Reached skill level 7 in Axes
  6469 | D:6      | XOM: stat loss: -1 Int (14/15)
  6499 | D:6      | Reached skill level 5 in Armour
  6637 | D:6      | XOM: summons 6 hostile demons
  6656 | D:6      | XOM: give mutations
  6656 | D:6      | Lost mutation: Your magical capacity is low. (-10% MP)
                  | [Xom's mischief]
  6656 | D:6      | Gained mutation: You are very clumsy. (Dex -4) [Xom's
                  | mischief]
  6656 | D:6      | Gained mutation: Armour fits poorly on your strangely
                  | shaped body. [Xom's mischief]
  6681 | D:6      | XOM: 6-stop teleportation journey
  7190 | D:6      | Slain by a wight

Illustrated notes

Levels and vault maps discovered:
D:1:      erik_arrival_orb_chamber, layout_loops_ring
D:2:      layout_rooms
D:3:      layout_basic, first_ration
D:4:      kennysheep_spiral_hall, layout_rooms, kennysheep_mini_moat,
          minmay_temple_entry_statues_pillars
D:5:      layout_gridville, serial_shops, shop, shop, shop_fountains,
          kennysheep_mini, shop, grunt_ministairs_1, uniq_grinder
D:6:      layout_basic, nicolae_ashenzari_panopticon, uniq_sigmund
Temple:   regret_index_temple_generic_petals

Skill      XL: |  1  2  3  4  5  6  7  8 |
---------------+-------------------------+-----
Axes           | 3 4 5 6 7 |  7.8
Armour         | 2 3 4 5 |  5.2
Fighting       | 4 5 6 |  6.3
Dodging        | |  0.8

Action                   |  1- 3 |  4- 6 |  7- 9 || total
-------------------------+-------+-------+-------++-------
Melee: Hand axe          |   130 |   182 |   183 ||   495
       Kick              |       |    43 |    33 ||    76
  Use: Scroll            |     4 |       |     5 ||     9
       Potion            |       |       |     1 ||     1
 Stab: Petrified         |       |     6 |       ||     6
       Confused          |       |     2 |       ||     2
       Petrifying        |       |     1 |       ||     1
       Paralysed         |       |       |     3 ||     3
  Eat: Chunk             |     3 |     5 |     5 ||    13
       Ration            |       |     1 |     1 ||     2
Armor: Leather armour    |    73 |    85 |   106 ||   264
Dodge: Dodged            |   126 |    86 |   146 ||   358
